 Dungeon Sprint DCSS version 0.23.2-40-g277498a001 (webtiles) character file.

Game seed: 9877040859449406366

360 Devam the Slicer (level 6, -3/45 HPs)
             Began as an Octopode Assassin on Sept 27, 2019.
             Was an Initiate of Gozag.
             Slain by a two-headed ogre
             ... wielding a +0 giant club
              (5 damage)
             ... in the Dungeon (Sprint IX: "|||||||||||||||||||||||||||||").
             The game lasted 00:03:09 (287 turns).

Devam the Slicer (Octopode Assassin)                 Turns: 287, Time: 00:03:10

Health: -3/45      AC:  8    Str: 16    XL:     6   Next: 65%
Magic:  6/6        EV: 14    Int: 16    God:    Gozag
Gold:   0          SH:  0    Dex: 10    Spells: 5/5 levels left

rFire    . . .     SeeInvis .   o - +2 rapier "Casep" {protect, rC++ Int+2 Dex-5}
rCold    + + .     Gourm    .   (no shield)
rNeg     . . .     Faith    .   (helmet restricted)
rPois    .         Spirit   .   (no amulet)
rElec    .         Reflect  .   p - +3 ring of strength
rCorr    .         Harm     .   q - +3 ring of strength
MR       .....     NoTele   +   (no ring)
Stlth    +++++.....             (no ring)
HPRegen  0.15/turn              (no ring)
MPRegen  0.10/turn              (no ring)
                                (no ring)
                                (no ring)

@: gold aura, protection aura
A: almost no armour, stealthy swim, amphibious, 8 rings, constrict 8, camouflage
1, gelatinous body 1
a: Potion Petition, Call Merchant, Bribe Branch, Renounce Religion


You were in the Dungeon.
You worshipped Gozag.
Gozag was noncommittal.
You were not hungry.

You visited 1 branch

Inventory:

Hand Weapons
 a - a +2 dagger
 b - a +0 blowgun
 o - the +2 rapier "Casep" (weapon) {protect, rC++ Int+2 Dex-5}
   (You found it in the Dungeon)

   It protects the one who uses it against injury (+AC on strike).
   It affects your intelligence (+2).
   It affects your dexterity (-5).
   It greatly protects you from cold.
Missiles
 c - 8 poisoned needles
 d - 2 curare-tipped needles
Jewellery
 p - a +3 ring of strength (left tentacle)
 q - a +3 ring of strength (right tentacle)
Wands
 n - a wand of acid (9)
Scrolls
 j - 3 scrolls of remove curse {@r2}
 k - 2 scrolls of blinking
 m - 2 scrolls of amnesia
Potions
 e - 5 potions of curing {@q1}
 g - a potion of heal wounds
 h - a potion of invisibility
 i - 4 potions of magic
Comestibles
 f - a ration
 l - a chunk of flesh


   Skills:
 + Level 4.9 Fighting
 + Level 10.5 Short Blades
 - Level 2.0 Throwing
 + Level 4.6 Dodging
 - Level 10.1 Stealth


You had 5 spell levels left.
You didn't know any spells.
Your spell library was empty.

Dungeon Overview and Level Annotations

Branches:
Dungeon (1/1)

Altars:
Cheibriados
Dithmenos
Elyvilon
Fedhas
Gozag
Hepliaklqana
Kikubaaqudgha
Makhleb
Nemelex Xobeh
Okawaru
Qazlal
Ru
Sif Muna
Trog
Uskayaw
Vehumet
Wu Jian
Xom
Yredelemnul
Zin
The Shining One
Beogh
Jiyva
Lugonu


Innate Abilities, Weirdness & Mutations

You cannot wear most types of armour.
You are very stealthy in the water. (Stealth+)
You are amphibious.
You can wear up to eight rings at the same time.
You can use your tentacles to constrict eight enemies at once.
Your skin changes colour to match your surroundings (Stealth+).
Your rubbery body absorbs attacks. (AC +1, EV +1)


Message History

The two-headed ogre is severely wounded.
The two-headed ogre hits you with a +0 giant club!
The two-headed ogre hits you with a +0 giant club!!
Ouch! That really hurt!
* * * LOW HITPOINT WARNING * * *
You feel much better. The two-headed ogre barely misses you.
The two-headed ogre hits you with a +0 giant club!
* * * LOW HITPOINT WARNING * * *
You feel much better.
The adder zombie becomes distracted by the nearby gold, dreaming of imaginary riches.
You puncture the two-headed ogre!
The two-headed ogre is almost dead.
The adder is no longer distracted by gold.
The adder zombie is no longer distracted by gold.
The two-headed ogre hits you with a +0 giant club!!
Ouch! That really hurt!
* * * LOW HITPOINT WARNING * * *
The two-headed ogre hits you with a +0 giant club.
You die...
Your body crumbles into a pile of gold.

▓+▓
▓.▓
$
▓.▓
$
▓.▓
$
▓S▓
$
▓Z▓
$
▓O▓
▓@▓
$
▓.▓
▓.▓
$
▓[▓
▓[▓
$
▓[▓
▓)▓
$
▓|▓
$
▓.▓
$


You could see a two-headed ogre, an adder and an adder zombie.

Vanquished Creatures
  A wyvern (D)
  A phantom (D)
  A centaur (D)
  A hound (D)
  An adder (D)
  An adder zombie (D)
  A dart slug (D)
  2 giant cockroaches (D)
  A goblin (D)
  3 hobgoblins (D)
13 creatures vanquished.

Notes
Turn   | Place    | Note
-------+----------+-------------------------------------------
     0 | D        | Devam the Octopode Assassin began the quest for the Orb.
     0 | D        | Reached XP level 1. HP: 14/14 MP: 1/1
    17 | D        | Reached XP level 2. HP: 11/19 MP: 2/2
   141 | D        | Noticed a phantom
   141 | D        | Noticed a centaur
   145 | D        | Killed a centaur
   145 | D        | Reached skill level 10 in Stealth
   145 | D        | Reached XP level 3. HP: 24/24 MP: 3/3
   145 | D        | Reached XP level 4. HP: 29/29 MP: 4/4
   156 | D        | Killed a phantom
   156 | D        | Reached XP level 5. HP: 34/34 MP: 5/5
   195 | D        | Found a roughly hewn altar of Beogh.
   195 | D        | Found a snail-covered altar of Cheibriados.
   195 | D        | Found a shadowy altar of Dithmenos.
   195 | D        | Found a white marble altar of Elyvilon.
   195 | D        | Found a blossoming altar of Fedhas.
   195 | D        | Found an opulent altar of Gozag.
   196 | D        | Found a hazy altar of Hepliaklqana.
   197 | D        | Found a viscous altar of Jiyva.
   198 | D        | Found an ancient bone altar of Kikubaaqudgha.
   199 | D        | Found a corrupted altar of Lugonu.
   200 | D        | Found a burning altar of Makhleb.
   201 | D        | Found a sparkling altar of Nemelex Xobeh.
   202 | D        | Found an iron altar of Okawaru.
   203 | D        | Became a worshipper of Gozag Ym Sagoz the Greedy
   204 | D        | Found a stormy altar of Qazlal.
   205 | D        | Found a sacrificial altar of Ru.
   206 | D        | Found a deep blue altar of Sif Muna.
   207 | D        | Found a bloodstained altar of Trog.
   208 | D        | Found a hide-covered altar of Uskayaw.
   209 | D        | Found a radiant altar of Vehumet.
   210 | D        | Found an ornate altar of the Wu Jian Council.
   211 | D        | Found a shimmering altar of Xom.
   212 | D        | Found a basalt altar of Yredelemnul.
   213 | D        | Found a glowing silver altar of Zin.
   214 | D        | Found a glowing golden altar of the Shining One.
   231 | D        | Got the +2 rapier "Casep" {protect, rC++ Int+2 Dex-5}
   275 | D        | Noticed a two-headed ogre
   275 | D        | Noticed a wyvern
   277 | D        | Killed a wyvern
   277 | D        | Reached skill level 10 in Short Blades
   277 | D        | Reached XP level 6. HP: 44/44 MP: 6/6
   287 | D        | HP: 2/45 [two-headed ogre/+0 giant club (28)]
   287 | D        | Slain by a two-headed ogre

Skill      XL: |  1  2  3  4  5 |
---------------+----------------+-----
Stealth        | 6 10 | 10.1
Short Blades   | 3 6 9 10 | 10.5
Fighting       | 4 |  4.9
Dodging        | 4 |  4.6
Throwing       | |  2.0

Action                   |  1- 3 |  4- 6 || total
-------------------------+-------+-------++-------
Melee: Dagger            |    15 |    12 ||    27
       Constrict         |     3 |     2 ||     5
       Tentacles         |     1 |     6 ||     7
       Rapier            |       |     6 ||     6
Evoke: Wand              |       |     1 ||     1
  Use: Potion            |     1 |     3 ||     4
 Stab: Sleeping          |     2 |     1 ||     3
Armor: Skin              |     1 |       ||     1
Dodge: Dodged            |     3 |     5 ||     8
